 Dungeon Crawl Stone Soup version 0.15.2 (webtiles) character file.

1649 Heini the Protected (level 8, -10/73 HPs)
             Began as a Minotaur Fighter on Jan 31, 2015.
             Was a Follower of Okawaru.
             Mangled by an ogre
             ... wielding a +0 giant spiked club
              (23 damage)
             ... on Level 6 of the Dungeon.
             The game lasted 00:13:18 (4970 turns).

Heini the Protected (Minotaur Fighter)              Turns: 4970, Time: 00:13:19

HP -10/73        AC  1     Str 23      XL: 8   Next: 67%
MP   3/3         EV  7     Int  5      God: Okawaru [*.....]
Gold 172         SH  0     Dex 10      Spells:  0 memorised,  7 levels left

rFire  . . .     SeeInvis .     g - +2 mace of Exquisite Death {freeze, Stlth+}
rCold  . . .     Clarity  .     p - +0 plate armour
rNeg   . . .     rCorr    .     (no shield)
rPois  .         rRot     .     (helmet restricted)
rElec  .         Spirit   .     t - +1 cloak
SustAb .         Warding  .     (no gloves)
rMut   .         Stasis   .     (no boots)
Gourm  .                        (no amulet)
MR     .....                    (no ring)
                                (no ring)

@: lethally poisoned, corroded equipment, not resistant to hostile enchantments,
extremely unstealthy
A: retaliatory headbutt, horns 2
a: Heroism, Renounce Religion


You were on level 6 of the Dungeon.
You worshipped Okawaru.
Okawaru was aware of your devotion.
You were not hungry.

You visited 2 branches of the dungeon, and saw 7 of its levels.

You collected 172 gold pieces.

Inventory:

Hand weapons
 a - a +1 flail
 g - the +2 mace of Exquisite Death (weapon) {freeze, Stlth+}
   (You found it on level 4 of the Dungeon)

   It has been specially enchanted to freeze those struck by it, causing extra
   injury to most foes and up to double damage against particularly susceptible
   opponents.
   It can also slow down cold-blooded creatures.
   It makes you more stealthy.
Armour
 b - a +0 scale mail
 c - a +0 shield
 p - a +0 plate armour (worn)
 r - the cursed -8 ring mail "Muzich" {rC+, unknown}
   (You found it on level 5 of the Dungeon)

   It protects you from cold.
   It has a curse placed upon it.
 t - a +1 cloak (worn)
Comestibles
 d - 5 bread rations
 f - a fruit
 j - a slice of pizza
 q - a beef jerky
 u - a chunk of ogre flesh
 v - a meat ration
 A - a royal jelly
Scrolls
 k - a scroll of recharging {unknown}
 s - a scroll of blinking
 x - 2 scrolls of identify
 y - a scroll of fog {unknown}
Jewellery
 i - an uncursed ring of see invisible {unknown}
Potions
 e - 2 potions of curing
 h - a potion of berserk rage {unknown}
 l - a potion of invisibility
 m - a potion of heal wounds
 n - a potion of agility {unknown}
 o - a potion of mutation {unknown}
 z - 2 potions of might


   Skills:
 * Level 7.5 Fighting
 * Level 7.7 Maces & Flails
 * Level 9.5 Armour
 - Level 3.6 Shields


You had 7 spell levels left.
You didn't know any spells.

Dungeon Overview and Level Annotations

Branches:
Dungeon (6/15)             Temple (1/1) D:5

Altars:
Ashenzari
Cheibriados
Dithmenos
Fedhas
Kikubaaqudgha
Nemelex Xobeh
Okawaru
Qazlal
Trog
Vehumet
Xom
Yredelemnul
Zin
The Shining One


Innate Abilities, Weirdness & Mutations

You reflexively headbutt those who attack you in melee.
You have a pair of horns on your head.


Message History

You hit the ogre but do no damage.
The ogre is moderately wounded.
You feel sick.
You hit the ogre. You freeze the ogre. Your headbutt misses the ogre.
The ogre is moderately wounded.
The ogre barely misses you.
You completely miss the ogre.
The ogre is moderately wounded.
You feel sick. The ogre barely misses you.
You hit the ogre but do no damage.
The ogre is moderately wounded.
The ogre completely misses you.
You hit the ogre. You freeze the ogre.
The ogre is severely wounded.
You feel sick.
Some of the chunks of flesh in your inventory have rotted away.
You sock the ogre! You freeze the ogre. Your headbutt misses the ogre.
The ogre is almost dead.
The ogre hits you with a giant spiked club!!
You die...

≈****,,,,* *,** *,*
**≈≈**,*,* *,,* *,*
≈≈≈≈≈,,*,** **,* *,*
**≈≈****,,* *,* *,* ******
*,.###########.##***,*
,,,,,***..............a..,,,*
,,,,,,,,,******#.#******,,,,*
,,***,**** #O########,*,*
,,***,* #@.......#,*,*
,,,,,,* #.######.#,*,*
,****** #.# **.#.#,** ##
#.#####......,* ?#
#.......#****,* .# #.##.##.#
*,* ## #.##.##.# *,* ,*
#.......# *,* **
####.##.#****,*


You could see an ogre.

Vanquished Creatures
  The ghost of Zrachosh the Magician, an experienced SpEn (D:4)
  Prince Ribbit (D:4)
  3 ogres
  A phantom (D:5)
  A centaur (D:5)
  A gnoll sergeant (D:5)
  2 crimson imps (D:5)
  3 jellies (D:6)
  3 hounds
  An orc priest (D:4)
  An orc wizard (D:5)
  2 worker ants
  Ijyb (D:2)
  7 gnolls (D:5)
  8 adders
  6 giant mites
  2 shadow imps
  A worm (D:2)
  An orc skeleton (D:4)
  6 giant geckos
  12 orcs
  3 ball pythons
  6 bats
  5 giant cockroaches
  10 goblins
  13 hobgoblins
  7 jackals
  5 quokkas
  4 giant newts
  A hobgoblin zombie (D:6)
  A jackal skeleton (D:5)
  9 kobolds
  4 rats
  A rat zombie (D:6)
133 creatures vanquished.

Notes
Turn   | Place    | Note
--------------------------------------------------------------
     0 | D:1      | Heini, the Minotaur Fighter, began the quest for the Orb.
     0 | D:1      | Reached XP level 1. HP: 19/19 MP: 1/1
   366 | D:1      | Reached skill level 4 in Armour
   366 | D:1      | Reached XP level 2. HP: 20/27 MP: 1/1
   714 | D:2      | Noticed Ijyb
   736 | D:2      | Reached XP level 3. HP: 8/33 MP: 2/2
   739 | D:2      | Killed Ijyb
  1092 | D:2      | Reached XP level 4. HP: 41/41 MP: 2/2
  1202 | D:2      | Found a basalt altar of Yredelemnul.
  1729 | D:3      | Reached skill level 5 in Armour
  1790 | D:3      | Reached XP level 5. HP: 43/47 MP: 2/2
  2191 | D:4      | Reached skill level 5 in Fighting
  2215 | D:4      | Got a transparent mace
  2226 | D:4      | Identified the +2 mace of Exquisite Death {freeze, Stlth+} (You found it on level 4 of the Dungeon)
  2368 | D:4      | Noticed Zrachosh's ghost (experienced SpEn)
  2394 | D:4      | Killed Zrachosh's ghost
  2394 | D:4      | Reached skill level 5 in Maces & Flails
  2394 | D:4      | Reached skill level 6 in Armour
  2394 | D:4      | Reached XP level 6. HP: 33/57 MP: 3/3
  2405 | D:4      | Reached XP level 7. HP: 20/62 MP: 3/3
  3503 | D:4      | Noticed Prince Ribbit
  3520 | D:4      | Killed Prince Ribbit
  3520 | D:4      | Reached skill level 7 in Armour
  3757 | D:4      | Found an iron altar of Okawaru.
  3761 | D:4      | Became a worshipper of Warmaster Okawaru
  4006 | D:5      | Entered Level 5 of the Dungeon
  4031 | D:5      | Reached skill level 8 in Armour
  4079 | D:5      | Reached XP level 8. HP: 71/71 MP: 3/3
  4088 | D:5      | Got a warped ring mail
  4221 | D:5      | Found a staircase to the Ecumenical Temple.
  4231 | Temple   | Entered the Ecumenical Temple
  4560 | D:5      | Acquired Okawaru's first power
  4796 | D:6      | Reached skill level 9 in Armour
  4970 | D:6      | Mangled by an ogre

Action                   |  1- 3 |  4- 6 |  7- 9 || total
-------------------------+-------+-------+-------++-------
Melee: Flail             |    72 |    89 |       ||   161
       Mace              |       |    31 |   198 ||   229
  Use: Scroll            |       |     9 |     2 ||    11
       Potion            |       |     3 |     1 ||     4
  Eat: Chunk             |     1 |     4 |     8 ||    13
